 Dungeon Crawl Stone Soup version 0.25-a0-566-g062765be81 (webtiles) character file.

Game seed: 16612508891016857778, levelgen mode: deterministic

536 drasked the Conjurer (level 7, 0/36 HPs)
             Began as a Deep Elf Fire Elementalist on Feb 28, 2020.
             Slain by a hound (4 damage)
             ... on level 4 of the Dungeon.
             The game lasted 00:11:40 (5230 turns).

drasked the Conjurer (Deep Elf Fire Elementalist)   Turns: 5230, Time: 00:11:40

Health: 0/36       AC:  2    Str: 11    XL:     7   Next: 4%
Magic:  11/13      EV: 13    Int: 22    God:
Gold:   152        SH:  0    Dex: 15    Spells: 11/12 levels left

rFire    . . .     SeeInvis .   g - +0 hunting sling
rCold    . . .     Gourm    .   (no shield)
rNeg     . . .     Faith    .   a - +0 robe
rPois    .         Spirit   .   (no helmet)
rElec    .         Reflect  .   (no cloak)
rCorr    .         Harm     .   (no gloves)
MR       .....                  (no boots)
Stlth    ++........             (no amulet)
HPRegen  0.12/turn              f - +6 ring of strength
MPRegen  0.13/turn              (no ring)

@: no status effects
A: no striking features
a: no special abilities


You were on level 4 of the Dungeon.
You were very hungry.

You visited 1 branch of the dungeon, and saw 4 of its levels.
You also visited: Sewer.

You collected 152 gold pieces.

Inventory:

Hand Weapons
 b - a +0 hand axe
   (You found it on level 1 of the Dungeon)
 g - a +0 hunting sling (weapon)
   (You found it on level 3 of the Dungeon)
Missiles
 m - 16 poisoned darts
 s - 8 javelins
 Q - 68 stones (quivered)
Armour
 a - a +0 robe (worn)
Jewellery
 f - a +6 ring of strength (left hand)
   (You found it on level 4 of the Dungeon)
Scrolls
 i - 2 scrolls of identify
 l - 2 scrolls of immolation {unknown}
 n - 2 scrolls of amnesia {unknown}
 p - a scroll of random uselessness {unknown}
 t - 2 scrolls of teleportation
 u - a scroll of noise {unknown}
 v - a scroll of blinking {unknown}
 w - 6 scrolls of remove curse
Potions
 c - a potion of heal wounds {unknown}
 d - 3 potions of stabbing
 h - a potion of haste
 j - a potion of mutation {unknown}
 k - 2 potions of might {unknown}
 o - a potion of magic {unknown}
 q - a potion of curing
 r - a potion of invisibility
Comestibles
 e - 5 rations


   Skills:
 - Level 2.4 Dodging
 - Level 2.4 Stealth
 - Level 3.0 Spellcasting
 + Level 6.2 Conjurations
 + Level 6.2 Fire Magic


You had 11 spell levels left.
You knew the following spells:

 Your Spells              Type           Power        Failure   Level  Hunger
a - Foxfire               Conj/Fire      ####         1%          1    None

Your spell library contained the following spells:

 Spells                   Type           Power        Failure   Level  Hunger
 Conjure Flame            Conj/Fire      ####....     2%          3    ###....
 Sticky Flame             Conj/Fire      ####....     10%         4    ####...
 Inner Flame              Hex/Fire       ###.....     11%         3    ###....
 Fireball                 Conj/Fire      ####......   26%         5    ######.


Dungeon Overview and Level Annotations

Branches:
Dungeon (4/15)              Sewer (visited)
 Temple: D:4-7

Altars:
Cheibriados
Fedhas
Kikubaaqudgha
Makhleb
Qazlal
Sif Muna
Wu Jian
Xom
The Shining One

Shops:
D:4 =


Message History

Moving in this stuff is going to be slow.
An adder skeleton comes into view.
An adder skeleton is nearby!
You conjure some foxfire!
The foxfire hits the adder skeleton. x2
You conjure some foxfire!
The foxfire hits the adder skeleton. x2
You conjure some foxfire!
The foxfire hits the adder skeleton!
You destroy the adder skeleton!
You start resting.
Q - 51 stones (gained 20)
l - 2 scrolls labeled OZALELE BOTE (gained 1)
A leopard gecko skeleton comes into view.
A leopard gecko skeleton is nearby!
You miscast Foxfire.
You are very lightly contaminated with residual magic.
You feel uncomfortably hot.
You conjure some foxfire!
The foxfire hits the leopard gecko skeleton. x2
You destroy the leopard gecko skeleton!
You start resting.
Your magical contamination has completely faded away.
Found Icyosiaw's Jewellery Shop.
A howler monkey skeleton comes into view.
A howler monkey skeleton is nearby!
You conjure some foxfire!
The foxfire hits the howler monkey skeleton.
The foxfire hits the howler monkey skeleton!
You conjure some foxfire!
The foxfire hits the howler monkey skeleton. x2
You conjure some foxfire!
The foxfire hits the howler monkey skeleton.
You destroy the howler monkey skeleton!
You start resting.
There is an entrance to Icyosiaw's Jewellery Shop here.
Q - 68 stones (gained 17)
A bullfrog skeleton comes into view.
A bullfrog skeleton is nearby!
You conjure some foxfire!
You conjure some foxfire!
You conjure some foxfire!
The foxfire hits the bullfrog skeleton!
The foxfire hits the bullfrog skeleton. x2
You conjure some foxfire!
The bullfrog skeleton hits you. The bullfrog skeleton hits you.
The foxfire hits the bullfrog skeleton.
There is an entrance to Icyosiaw's Jewellery Shop here.
You conjure some foxfire!
The bullfrog skeleton hits you.
The bullfrog skeleton completely misses you.
The foxfire hits the bullfrog skeleton.
The bullfrog skeleton hits you.
* * * LOW HITPOINT WARNING * * *
You are feeling hungry.
The bullfrog skeleton hits you.
* * * LOW HITPOINT WARNING * * *
You conjure some foxfire!
The bullfrog skeleton hits you.
* * * LOW HITPOINT WARNING * * *
The foxfire hits the bullfrog skeleton. x2
You destroy the bullfrog skeleton!
You have reached level 7!
You start resting.
You start resting.
A worker ant comes into view.
The worker ant twitches its antennae in your direction.
A worker ant is nearby!
A worker ant is nearby!
You conjure some foxfire!
The foxfire hits the worker ant but does no damage.
The foxfire hits the worker ant.
You conjure some foxfire!
The foxfire hits the worker ant.
You conjure some foxfire!
The worker ant bites you.
You are poisoned.
The worker ant poisons you!
You feel sick.
The foxfire hits the worker ant. x2; The worker ant bites you.
You conjure some foxfire!
You feel sick. The worker ant bites you.
You are more poisoned.
The worker ant poisons you!
You feel sick.
The foxfire hits the worker ant.
You kill the worker ant!
You feel sick.
Unknown command.
You feel sick.
You start resting.
You are feeling very hungry.
You feel sick.
You start resting.
You feel sick. x12
You start resting.
You feel sick.
A hound comes into view.
You feel sick.
You conjure some foxfire!
The hound barks!
You feel sick.
You are no longer poisoned.
The foxfire hits the hound. x2
You conjure some foxfire!
The hound bites you but does no damage.
The foxfire hits the hound. x2; The hound bites you.
* * * LOW HITPOINT WARNING * * *
The hound bites you.
You die...

********+++*#######........#.≈.
#.,,*#..............#...
#.##*#........(.....≈.≈. *****
**...*#...............≈.≈
,,,,*****,,#..#...............#<.
,,,,,,,,,,**#.##.............##.#
,,,,******* #..##...............#
,***** *#.§######.#####.≈...
,,,,,* *#.@## #.# #.<.##≈
,,,,,****#######h.# #.## #.#.##≈
,,,,,,,,,,....##..####..# #.#.≈≈.
**,*********#..#.#......###.#.≈≈.
*#.* ******#..∩................
*>.* *...h[..#.##.##...#....≈≈.
,.##****.#####...##...........≈≈.
,..,,,**,* #############....##≈
*.#**,,,,******** #.#..##≈


You could see a hound.

Levels and vault maps discovered:
D:1:      eino_arrival_water_cross, layout_basic
D:2:      layout_loops_cross, nicolae_overflow_crystal_walls
D:3:      kennysheep_six_static_rooms, layout_basic, grunt_temple_overflow_open,
          makhleb_grotto_becter, first_ration, grunt_decor_fettered
D:4:      layout_rooms, nemelex_altar_shiori, nicolae_ru_path_of_blood,
          cheibrodos_sewer_entry_sluice, serial_shops, nicolae_shop_crystal

Notes
Turn   | Place    | Note
-------+----------+-------------------------------------------
     0 | D:1      | drasked the Deep Elf Fire Elementalist began the quest for
                  | the Orb.
     0 | D:1      | Reached XP level 1. HP: 10/10 MP: 6/6
    65 | D:1      | Identified a +0 hand axe (You found it on level 1 of the
                  | Dungeon)
   275 | D:1      | Reached XP level 2. HP: 12/15 MP: 1/8
   376 | D:1      | Identified a +0 club
   382 | D:1      | Reached skill level 2 in Conjurations
   677 | D:1      | Identified a cursed -1 club
   716 | D:1      | Identified a +0 club
   722 | D:1      | Identified a +0 dagger
   876 | D:2      | Reached skill level 4 in Fire Magic
   989 | D:2      | Reached XP level 3. HP: 19/19 MP: 3/9
  1064 | D:2      | Identified a +0 club
  1171 | D:2      | Identified a +0 club
  1270 | D:2      | Found an ornate altar of the Wu Jian Council.
  1536 | D:2      | Identified a +0 club
  1603 | D:2      | Reached skill level 3 in Conjurations
  1791 | D:3      | Reached XP level 4. HP: 24/24 MP: 7/10
  1925 | D:3      | Identified a +0 club
  1979 | D:3      | Found a burning altar of Makhleb.
  2246 | D:3      | Identified a +0 dagger
  2246 | D:3      | Identified a +0 scale mail
  2350 | D:3      | Identified a cursed -1 quarterstaff
  2609 | D:3      | Found a glowing golden altar of the Shining One.
  2611 | D:3      | Found a shimmering blue altar of Sif Muna.
  2611 | D:3      | Found a snail-covered altar of Cheibriados.
  2612 | D:3      | Found a stormy altar of Qazlal.
  2612 | D:3      | Found a blossoming altar of Fedhas.
  2612 | D:3      | Found an ancient bone altar of Kikubaaqudgha.
  2612 | D:3      | Found a shimmering altar of Xom.
  2886 | D:3      | Identified a +0 short sword
  2981 | D:3      | Reached skill level 5 in Fire Magic
  3270 | D:3      | Identified a ring of teleportation (You found it on level 3
                  | of the Dungeon)
  3271 | D:3      | Identified 6 scrolls of remove curse
  3305 | D:3      | Identified a +0 hunting sling (You found it on level 3 of
                  | the Dungeon)
  3556 | D:3      | You fall into a shaft and drop 1 floor!
  3611 | D:4      | Reached skill level 4 in Conjurations
  3611 | D:4      | Reached XP level 5. HP: 13/28 MP: 6/11
  3613 | D:4      | Identified 4 potions of stabbing
  3614 | D:4      | Identified 2 potions of haste
  3615 | D:4      | Identified 2 potions of curing
  3684 | D:4      | Identified 3 scrolls of teleportation
  3685 | D:4      | Identified 3 scrolls of identify
  3685 | D:4      | Identified a potion of invisibility
  3686 | D:4      | Identified a scroll of magic mapping
  3687 | D:4      | Found a glowing drain.
  3730 | D:4      | Identified a ring of strength (You found it on level 4 of
                  | the Dungeon)
  3733 | Sewer    | Entered a sewer
  3804 | Sewer    | HP: 6/28 [cloud of steam (13)]
  4150 | Sewer    | Reached skill level 5 in Conjurations
  4400 | Sewer    | Reached XP level 6. HP: 32/32 MP: 9/12
  4615 | Sewer    | HP: 8/32 [bullfrog (3)]
  4618 | Sewer    | Reached skill level 6 in Conjurations
  4618 | Sewer    | Reached skill level 6 in Fire Magic
  4972 | D:4      | Found Icyosiaw's Jewellery Shop.
  5021 | D:4      | Reached XP level 7. HP: 16/36 MP: 8/13
  5216 | D:4      | HP: 9/36 [poisoned by a worker ant]
  5224 | D:4      | HP: 8/36 [poisoned by a worker ant]
  5230 | D:4      | HP: 4/36 [hound (4)]
  5230 | D:4      | Slain by a hound

Table legend:
 A = Turns spent in this place as a percentage of turns spent in the entire game.
 B = Non-inter-level travel turns spent in this place as a percentage of non-inter-level travel turns spent in the entire game.
 C = Inter-level travel turns spent in this place as a percentage of turns spent in this place.
 D = Turns resting spent in this place as a percentage of non-inter-level travel turns spent in this place.
 E = Turns spent auto-exploring this place as a percentage of non-inter-level travel turns spent in this place.
 F = Non-inter-level travel turns spent in this place divided by the number of levels of this place that you've seen.
                   A       B       C       D       E      F
               +-------+-------+-------+-------+-------+----------------------
         Total | 100.0 | 100.0 |   2.8 |  44.1 |  30.9 | 1016.4
       Dungeon |  78.0 |  77.4 |   3.6 |  38.8 |  37.2 | 982.8
         Sewer |  22.0 |  22.6 |   0.0 |  62.3 |   9.4 | 1151.0
               +-------+-------+-------+-------+-------+----------------------

Table legend:
 A = Kills in this place as a percentage of kills in entire the game.
 B = Kills by you in this place as a percentage of kills by you in the entire game.
 C = Kills by friends in this place as a percentage of kills by friends in the entire game.
 D = Other kills in this place as a percentage of other kills in the entire game.
 E = Experience gained in this place as a percentage of experience gained in the entire game.
 F = Experience gained in this place divided by the number of levels of this place that you have seen.
                   A       B       C       D       E      F
               +-------+-------+-------+-------+-------+----------------------
         Total | 100.0 | 100.0 |   N/A |   N/A | 100.0 | 153.2
       Dungeon |  50.4 |  50.4 |   N/A |   N/A |  44.3 |  84.8
         Sewer |  49.6 |  49.6 |   N/A |   N/A |  55.7 | 427.0
               +-------+-------+-------+-------+-------+----------------------

Skill      XL: |  1  2  3  4  5  6 |
---------------+-------------------+-----
Conjurations   | 2 3 4 5 6 |  6.2
Fire Magic     | 4 5 6 |  6.2
Dodging        | |  2.4
Stealth        | |  2.4
Spellcasting   | |  3.0

Action                   |  1- 3 |  4- 6 |  7- 9 || total
-------------------------+-------+-------+-------++-------
Melee: Hand axe          |       |    22 |       ||    22
 Fire: Hunting sling     |       |    79 |       ||    79
Throw: Dart              |       |     1 |       ||     1
 Cast: Foxfire           |    79 |   153 |     6 ||   238
  Use: Scroll            |       |     4 |       ||     4
       Potion            |       |     3 |       ||     3
  Eat: Chunk             |     2 |    10 |       ||    12
Armor: Robe              |     2 |    11 |     1 ||    14
Dodge: Dodged            |    17 |    74 |       ||    91

Vanquished Creatures
  2 bullfrogs (Sewer)
  A bullfrog skeleton (D:4)
  2 worker ants (D:4)
  A howler monkey skeleton (D:4)
  10 adders
  A river rat (D:4)
  15 oozes
  An adder skeleton (D:4)
  3 worms
  A dart slug (D:1)
  19 leopard geckos
  2 orcs (D:3)
  7 bats
  16 giant cockroaches
  6 goblins
  9 hobgoblins
  2 jackals (D:2)
  A kobold (D:3)
  2 quokkas (D:3)
  14 ball pythons
  13 frilled lizards
  A leopard gecko skeleton (D:4)
  8 rats
137 creatures vanquished.

Vanquished Creatures (others)
  393 foxfires
393 creatures vanquished.

Grand Total: 530 creatures vanquished
